 Dungeon Crawl Stone Soup version 0.17.1-2-g5865329 (webtiles) character file.

1854 inmateoo the Slicer (level 9, 0/61 HPs)
             Began as a Halfling Assassin on Feb 14, 2016.
             Was an Initiate of Yredelemnul.
             Succumbed to poison (a potion of poison)
             ... on level 6 of the Dungeon.
             The game lasted 00:12:42 (6241 turns).

inmateoo the Slicer (Halfling Assassin)             Turns: 6241, Time: 00:12:42

Health: 0/61       AC:  8    Str: 11    XL:     9   Next: 34%
Magic:  9/9        EV: 18    Int: 15    God:    Yredelemnul [......]
Gold:   251        SH:  0    Dex: 19    Spells: 0 memorised, 8 levels left

rFire  . . .     SeeInvis .     a - +2 dagger
rCold  + + .     Clarity  .     c - +3 leather armour {rC+}
rNeg   . . .     SustAt   .     (shield restricted)
rPois  .         Gourm    .     (no helmet)
rElec  .         Spirit   .     d - +0 cloak
rCorr  .         Warding  .     y - +0 pair of gloves
rMut   .         Stasis   .     (no boots)
MR     +....                    (no amulet)
Stlth  ++++......               t - ring of protection from cold (curse)
                                q - ring of protection from magic

@: brilliant, lethally poisoned (0 -> -13), somewhat resistant to hostile
enchantments, stealthy
A: mutation resistance 1
a: Renounce Religion


You were on level 6 of the Dungeon.
You worshipped Yredelemnul.
Yredelemnul was noncommittal.
You were not hungry.

You visited 2 branches of the dungeon, and saw 7 of its levels.

You collected 251 gold pieces.

Inventory:

Hand Weapons
 a - a +2 dagger (weapon)
 b - a +0 blowgun
 n - a +0 short sword of protection
Missiles
 e - 2 poisoned needles
Armour
 c - a +3 leather armour of cold resistance (worn)
 d - a +0 cloak (worn)
 y - a +0 pair of gloves (worn)
Jewellery
 q - a ring of protection from magic (left hand)
 t - a cursed ring of protection from cold (right hand)
Wands
 l - a wand of frost (24)
Scrolls
 k - 3 scrolls of remove curse
 m - 2 scrolls of blinking
 v - 6 scrolls of teleportation
 w - 3 scrolls of noise
 C - a scroll of recharging
Potions
 h - 2 potions of agility
 i - a potion of cure mutation
 o - 2 potions of mutation {unknown}
 p - a potion of curing {unknown}
 r - 2 potions of brilliance
 s - 2 potions of poison
 u - 2 potions of cancellation {unknown}
 z - a potion of haste {unknown}
Comestibles
 g - 3 bread rations
 x - a chunk of flesh


   Skills:
 + Level 5.0 Fighting
 * Level 10.1 Short Blades
 + Level 2.5 Throwing
 + Level 5.8 Dodging
 - Level 6.7 Stealth


You had 8 spell levels left.
You didn't know any spells.

Dungeon Overview and Level Annotations

Branches:
Dungeon (6/15)             Temple (1/1) D:5

Altars:
Dithmenos
Fedhas
Gozag
Makhleb
Nemelex Xobeh
Qazlal
Ru
Trog
Vehumet
Xom
Yredelemnul
Zin
The Shining One

Annotations:
D:3 Miyamura's ghost, amateur TeCj


Innate Abilities, Weirdness & Mutations

You are small and have problems with some larger weapons.
You are somewhat resistant to further mutation.


Message History

The orc closely misses you.
The orc priest hits you but does no damage.
The orc priest completely misses you. The orc priest misses you.
The orc priest invokes the aid of Beogh against you.
Something smites you!
* * * LOW HITPOINT WARNING * * *
The orc completely misses you.
The orc priest calls down the wrath of Beogh upon you.
Something smites you!
* * * LOW HITPOINT WARNING * * *
Drink which item? (? for menu, Esc to quit)
It was a potion of brilliance.
You feel clever all of a sudden.
Drink which item? (? for menu, Esc to quit)
It was a potion of poison.
That liquid tasted very nasty...
You are lethally poisoned!
You die...
Your body rises from the dead as a mindless zombie.

#.# #.# #.# #.# ##+## ##.##
###.##### ##...## #...# #.......#
##.....## ###...#####.#.###.#
#...<...## ##........##.#.#.#.##
..)......####...##.##.##.#......#
.........+..>......o.............
.........#......@.o##.#####...#.#
#.....†.###.##..#####.#.o....##.#
.#.....## #.###.#####.#.####.##o#
.##...## #.# #.......#.# #o#.#.
...#'## #.# #########.####..###
.#.#.# #.# #o##..(## # ...#.# #.#
#.##.#(.### ####.######.#
#.##.#.#.#. ##.......##.#
#....o..#.#


You could see an orc warrior and an orc.

Vanquished Creatures
  Grinder (D:3)
  A yak (D:6)
  A hippogriff (D:4)
  5 ogres
  A black bear (D:4)
  A centaur (D:5)
  A crimson imp (D:5)
  2 orc priests
  A centaur skeleton (D:6)
  3 hounds
  7 orc wizards
  An iguana (D:5)
  3 worker ants
  3 giant frog skeletons
  Terence (D:3)
  4 adders
  A shadow imp (D:5)
  3 gnolls (D:4)
  An ooze (D:2)
  4 worms
  A giant gecko (D:4)
  20 orcs
  6 bats
  5 giant cockroaches
  7 goblins
  8 hobgoblins
  6 jackals (D:4)
  9 kobolds
  3 quokkas
  A ball python (D:6)
  A giant cockroach zombie (D:5)
  A giant gecko zombie (D:5)
  9 giant newts
  A quokka zombie (D:5)
  5 rats
128 creatures vanquished.

Notes
Turn   | Place    | Note
--------------------------------------------------------------
     0 | D:1      | inmateoo the Halfling Assassin began the quest for the Orb.
     0 | D:1      | Reached XP level 1. HP: 14/14 MP: 1/1
    80 | D:1      | Reached XP level 2. HP: 13/19 MP: 2/2
   660 | D:1      | Reached XP level 3. HP: 24/24 MP: 3/3
  1111 | D:2      | Reached XP level 4. HP: 29/29 MP: 4/4
  1951 | D:3      | Noticed Grinder
  1963 | D:3      | Paralysed by Grinder for 6 turns
  1975 | D:3      | Killed Grinder
  1975 | D:3      | Reached skill level 5 in Short Blades
  1975 | D:3      | Reached skill level 5 in Stealth
  1975 | D:3      | Reached XP level 5. HP: 21/36 MP: 5/5
  1975 | D:3      | Reached XP level 6. HP: 23/41 MP: 6/6
  2055 | D:3      | Found a blossoming altar of Fedhas.
  2132 | D:3      | Noticed Miyamura's ghost (amateur TeCj)
  2348 | D:4      | Reached skill level 6 in Short Blades
  2462 | D:4      | Reached XP level 7. HP: 15/46 MP: 7/7
  2944 | D:4      | Reached skill level 7 in Short Blades
  3008 | D:4      | Noticed a black bear
  3048 | D:4      | Killed a black bear
  3203 | D:4      | Reached XP level 8. HP: 43/54 MP: 8/8
  3759 | D:4      | Noticed a hippogriff
  3778 | D:4      | Killed a hippogriff
  3778 | D:4      | Reached skill level 8 in Short Blades
  4789 | D:3      | Noticed Terence
  4810 | D:3      | Killed Terence
  5023 | D:5      | Entered Level 5 of the Dungeon
  5121 | D:5      | Found a glowing silver altar of Zin.
  5332 | D:5      | Reached skill level 9 in Short Blades
  5332 | D:5      | Reached skill level 5 in Dodging
  5359 | D:5      | Found a staircase to the Ecumenical Temple.
  5367 | Temple   | Entered the Ecumenical Temple
  5535 | Temple   | Became a worshipper of Yredelemnul the Dark
  5889 | D:5      | Reached XP level 9. HP: 59/59 MP: 9/9
  5991 | D:6      | Reached skill level 10 in Short Blades
  6036 | D:6      | Reached skill level 5 in Fighting
  6238 | D:6      | HP: 2/61 [orc priest/divine providence (11)]
  6241 | D:6      | Succumbed to poison (a potion of poison)

Action                   |  1- 3 |  4- 6 |  7- 9 || total
-------------------------+-------+-------+-------++-------
Melee: Dagger            |   119 |    84 |   532 ||   735
 Fire: Blowgun           |       |    11 |    11 ||    22
  Use: Scroll            |       |       |    13 ||    13
       Potion            |       |       |     4 ||     4
 Stab: Sleeping          |    10 |     4 |    14 ||    28
       Distracted        |     1 |       |     3 ||     4
  Eat: Chunk             |       |     5 |     7 ||    12
       Meat ration       |       |       |     1 ||     1
